 Dungeon Crawl Stone Soup version 0.29.0 (webtiles) character file.

Game seed: 9520567730713934411

38794 Dorkslayer the Fighter (level 14, -5/133 HPs)
             Began as a Hill Orc Fighter on Aug 31, 2022.
             Was an Initiate of Gozag.
             Slain by a tyrant leech (16 damage)
             ... on level 5 of the Lair of Beasts.
             The game lasted 00:43:45 (16697 turns).

Dorkslayer the Fighter (Hill Orc Fighter)          Turns: 16697, Time: 00:43:46

Health: -5/133     AC: 21    Str: 45    XL:     14   Next: 3%
Magic:  14/14      EV: 13    Int: 21    God:    Gozag
Gold:   1858       SH:  6    Dex: 12    Spells: 13/13 levels left

rFire   . . .      SeeInvis .   I - +6 hammer "Wirasem" {flame, rElec Str+3 Int+4}
rCold   x . .      Faith    .   c - +1 buckler
rNeg    . . .      Spirit   .   j - +2 scale mail {rPois}
rPois   +          Reflect  .   T - +2 hat
rElec   +          Harm     .   y - +2 cloak "Diemimu" {rC- Str+5 Int+3}
rCorr   .          Rampage  .   u - +2 pair of gloves {Str+3}
Will    +....                   f - +0 pair of boots
Stlth   +.........              s - amulet "Bosiy" {Acrobat Int+6 Slay+2}
HPRegen 0.32/turn               w - +6 ring of strength
MPRegen 0.14/turn               p - +6 ring of strength

@: about to teleport, gold aura, hasted, studying Armour, slow
A: no striking features
a: Renounce Religion, Potion Petition, Call Merchant, Bribe Branch


You were on level 5 of the Lair of Beasts.
You worshipped Gozag.
Gozag was most pleased with you.
You visited 3 branches of the dungeon, and saw 16 of its levels.
You also visited: Sewer.

You collected 2398 gold pieces.
You spent 323 gold pieces at shops.
You paid 217 gold pieces to Gozag.

Inventory:

Hand Weapons
 a - a +1 war axe of freezing
 I - the +6 hammer "Wirasem" (weapon) {flame, rElec Str+3 Int+4}
   (You found it on level 7 of the Dungeon)

   It burns those it strikes, dealing additional fire damage.
   Str:       It affects your strength (+3).
   Int:       It affects your intelligence (+4).
   rElec:     It insulates you from electricity.
 R - a +0 war axe of freezing
Missiles
 m - 57 poisoned darts
 x - 3 javelins (quivered)
 D - 4 boomerangs
 M - 5 silver boomerangs
 O - 2 throwing nets
Armour
 c - a +1 buckler (worn)
 f - a +0 pair of boots (worn)
 j - a +2 scale mail of poison resistance (worn)
 u - a +2 pair of gloves of strength (worn)
 y - the +2 cloak "Diemimu" (worn) {rC- Str+5 Int+3}
   (You bought it in a shop on level 1 of the Dungeon)

   Str:       It affects your strength (+5).
   Int:       It affects your intelligence (+3).
   rC:        It makes you vulnerable to cold.
 L - a +0 plate armour
 T - a +2 hat (worn)
Jewellery
 p - a +6 ring of strength (right hand)
 s - the amulet "Bosiy" (around neck) {Acrobat Int+6 Slay+2}
   (You acquired it on level 5 of the Dungeon)

   [amulet of the acrobat]

   It increases your evasion while moving and waiting.
   Int:       It affects your intelligence (+6).
   Slay:      It affects your accuracy & damage with ranged weapons and melee
   (+2).
 v - a ring of protection from cold
 w - a +6 ring of strength (left hand)
 J - a ring of flight
 P - an amulet of reflection
Wands
 E - a wand of iceblast (12)
 H - a wand of flame (42)
 N - a wand of polymorph (7)
Scrolls
 e - 4 scrolls of teleportation
 g - a scroll of poison
 i - a scroll of fear
 k - a scroll of vulnerability
 l - 4 scrolls of magic mapping
 n - 2 scrolls of enchant armour
 o - 4 scrolls of blinking
 C - a scroll of amnesia
 K - a scroll of silence
 Q - 5 scrolls of identify
 S - a scroll of enchant weapon
Potions
 b - 2 potions of flight
 d - 3 potions of might
 h - 3 potions of curing
 q - 2 potions of magic
 r - a potion of ambrosia
 z - a potion of resistance
 A - 3 potions of mutation
 B - 3 potions of brilliance
 F - a potion of berserk rage
 G - a potion of cancellation
Miscellaneous
 t - a phantom mirror


   Skills:
 * Level 14.4 Fighting
 + Level 8.7(12.8) Axes
 + Level 12.5(13.3) Maces & Flails
 + Level 1.0 Throwing
 + Level 10.1 Armour
 + Level 6.0 Dodging
 + Level 3.2 Stealth
 + Level 7.4 Shields
 * Level 9.7 Evocations


You had 13 spell levels left.
You didn't know any spells.
Your spell library contained the following spells:

 Spells                   Type           Power      Damage    Failure   Level
 Sandblast                Erth           0%         2d4       34%         1
 Shock                    Conj/Air       0%         1d3       34%         1
 Blink                    Tloc           0%         N/A       45%         2
 Passwall                 Tmut/Erth      0%         N/A       45%         2
 Static Discharge         Conj/Air       0%         3-3/arc   45%         2
 Ignite Poison            Fire/Tmut/Pois 0%         N/A       71%         3
 Mephitic Cloud           Conj/Pois/Air  0%         N/A       71%         3
 Stone Arrow              Conj/Erth      0%         3d7       71%         3
 Swiftness                Air            0%         N/A       71%         3
 Airstrike                Air            0%         2d(0-16)  98%         4
 Hailstorm                Conj/Ice       0%         3d3       98%         4
 Ice Form                 Ice/Tmut       0%         N/A       98%         4
 Leda's Liquefaction      Hex/Erth       0%         N/A       98%         4
 Summon Lightning Spire   Summ/Air       0%         N/A       98%         4
 Freezing Cloud           Conj/Ice/Air   0%         6-21      100%        5
 Lee's Rapid Deconstruct  Erth           0%         3d5*      100%        5
 Lightning Bolt           Conj/Air       0%         1d11      100%        5
 Manifold Assault         Tloc           0%         N/A       100%        5
 Statue Form              Tmut/Erth      0%         N/A       100%        6
 Storm Form               Tmut/Air       0%         N/A       100%        7
 Maxwell's Capacitive Co  Air            0%         ∞         100%        8
 Simulacrum               Ice/Necr       Unusable   N/A       N/A         6

Dungeon Overview and Level Annotations

Branches:
Dungeon (10/15)            Temple (1/1) D:6            Lair (5/5) D:9
 Shoals (0/4) Lair:2        Snake (0/4) Lair:2        Slime (0/5) Lair:4
  Sewer (visited)
    Orc: D:9-12

Altars:
Ashenzari
Cheibriados
Dithmenos
Elyvilon
Fedhas
Gozag
Hepliaklqana
Kikubaaqudgha
Makhleb
Nemelex Xobeh
Okawaru
Qazlal
Ru
Sif Muna
Trog
Uskayaw
Vehumet
Wu Jian
Xom
Yredelemnul
Zin
The Shining One
Jiyva

Shops:
D:1 [   D:2 ?   D:4 *   D:10 *


Message History

Your surroundings suddenly seem different.
Splash!
You fall into the shallow water.
Moving in this stuff is going to be slow.
A blink frog, a tyrant leech and a seven-headed hydra come into view.
Found five items.
The blink frog gives a loud, deep croak!
The seven-headed hydra roars!
A bullfrog comes into view.
The blink frog is distracted by your dazzling golden aura.
A bullfrog comes into view.
As you read the scroll of teleportation, it crumbles to dust.
You feel strangely unstable.
An electric eel comes into view.
The bullfrog swells and bulges.
Unknown command.
The bullfrog is distracted by your dazzling golden aura.
The seven-headed hydra misses you.
The seven-headed hydra completely misses you.
The seven-headed hydra closely misses you.
You block the seven-headed hydra's attack. x2
The seven-headed hydra closely misses you.
The seven-headed hydra misses you.
The electric eel shoots out a bolt of lightning at you!
The bolt of electricity hits you. You resist.
* * * LOW HITPOINT WARNING * * *
The blink frog croaks.
You feel yourself speed up.
The blink frog is no longer distracted by gold.
The seven-headed hydra misses you.
The seven-headed hydra barely misses you.
You block the seven-headed hydra's attack.
The seven-headed hydra bites you but does no damage.
The seven-headed hydra completely misses you.
The seven-headed hydra misses you.
The seven-headed hydra bites you but does no damage.
The blink frog is distracted by your dazzling golden aura.
The tyrant leech bites you!
You die...
Your body crumbles into a pile of gold.

# ###~# ##~~.~~
~ ##~~~~~P~
~S~####~≈~~~~~~
)(~~.~~@≈≈≈~~≈~
$
[$~~~FwDF≈≈~~~~
$}~~.~~~≈≈≈≈≈~~.
~~.~~P~≈≈≈~~~~.
~.~~~~≈PF~≈~~~.
~.~~~≈~≈≈~~~~~.
~~≈~~≈~~~~~~.P~
###~~~~~~~P~P~~
≈~≈~~~~~~~..~


You could see a seven-headed hydra, a tyrant leech, a blink frog (unaware), 2
bullfrogs and an electric eel.

Vanquished Creatures
  Gastronok (D:8)
  2 hydras
  The ghost of wjchen the Bludgeoner, a journeyman MiFi of Okawaru (D:10)
  A boulder beetle (Lair:4)
  3 two-headed ogres (D:9)
  Pikel (D:9)
  A merfolk siren (Lair:2)
  9 elephants
  3 black mambas
  A torpor snail (Lair:3)
  A rime drake (Lair:2)
  11 cane toads
  8 komodo dragons
  Psyche (D:8)
  2 trolls
  3 merfolk (Lair:2)
  A polar bear (Lair:3)
  A hornet (D:8)
  3 dream sheep (Lair:3)
  16 blink frogs
  2 shadows (D:9)
  58 yaks
  3 wyverns
  A basilisk (Lair:2)
  3 vampire mosquitoes (Lair:5)
  4 nagas (Lair:2)
  An acid dragon (D:9)
  8 water moccasins
  Pargi (Sewer)
  A sky beast (D:8)
  An ice beast (D:6)
  4 orc warriors
  12 wolves
  2 ogres
  A centaur (D:7)
  A kobold brigand (D:7)
  12 bullfrogs
  2 scorpions
  A necrophage (D:4)
  8 wights (D:10)
  26 killer bees
  3 howler monkeys (D:8)
  2 electric eels (Lair:4)
  4 hounds
  3 orc priests
  Crazy Yiuf (D:7)
  A gnoll bouda (D:9)
  8 jellies
  An iguana (D:6)
  7 orc wizards
  8 adders
  5 gnolls
  4 white imps
  An ufetubus (D:6)
  4 worms
  3 dart slugs
  20 orcs
  12 endoplasms
  3 giant cockroaches
  6 goblins
  4 hobgoblins
  9 jackals
  3 quokkas
  10 ball pythons
  2 bats
  6 frilled lizards
  10 kobolds
  4 rats (D:1)
  3 butterflies (Lair:1)
369 creatures vanquished.

Vanquished Creatures (collateral kills)
  Rupert (Lair:3)
1 creature vanquished.

Vanquished Creatures (others)
  A gnoll (D:9)
  17 fungi
  75 plants
93 creatures vanquished.

Grand Total: 463 creatures vanquished

Notes
Turn   | Place    | Note
-------+----------+-------------------------------------------
     0 | D:1      | Dorkslayer the Hill Orc Fighter began the quest for the
                  | Orb.
     0 | D:1      | Reached XP level 1. HP: 19/19 MP: 1/1
   442 | D:1      | Reached XP level 2. HP: 27/27 MP: 2/2
   629 | D:1      | Reached skill level 4 in Fighting
   671 | D:1      | Found Byff's Antique Armour Shoppe.
  1425 | D:2      | Reached XP level 3. HP: 29/33 MP: 3/3
  1689 | D:2      | Reached skill level 1 in Dodging
  1778 | D:2      | Reached XP level 4. HP: 39/41 MP: 4/4
  1896 | D:2      | Found a faded altar of an unknown god.
  2095 | D:2      | Found Folat's Magic Scroll Shoppe.
  2636 | D:3      | Found a snail-covered altar of Cheibriados.
  2899 | D:3      | Reached XP level 5. HP: 47/47 MP: 5/5
  3011 | D:3      | Noticed an ogre
  3012 | D:3      | Noticed a black bear
  3245 | D:1      | Bought a scorched cloak for 161 gold pieces
  3245 | D:1      | Identified the +2 cloak "Diemimu" {rC- Str+5 Int+3} (You
                  | bought it in a shop on level 1 of the Dungeon)
  3286 | D:2      | Bought a scroll of identify for 24 gold pieces
  3525 | D:4      | Found Zin's Purification Station.
  3528 | D:4      | Found a glowing silver altar of Zin.
  3575 | D:4      | Reached skill level 5 in Fighting
  3575 | D:4      | Reached skill level 5 in Axes
  4214 | D:5      | Entered Level 5 of the Dungeon
  4217 | D:5      | Identified a scroll of acquirement
  4217 | D:5      | Acquired the amulet "Bosiy" {Acrobat Int+6 Slay+2}
  4228 | D:5      | Reached XP level 6. HP: 56/56 MP: 6/6
  4456 | D:5      | Identified the +1 scale mail of Untruth {Harm Will+ Str-5
                  | Int+5}
  4522 | D:5      | Found a shadowy altar of Dithmenos.
  4524 | D:5      | Found a glowing golden altar of the Shining One.
  4538 | D:5      | Found a glowing drain.
  4547 | Sewer    | Entered a sewer
  4633 | Sewer    | Noticed Pargi
  4641 | Sewer    | Killed Pargi
  4642 | Sewer    | Reached XP level 7. HP: 59/62 MP: 7/7
  4999 | D:6      | Found a staircase to the Ecumenical Temple.
  5006 | D:6      | Reached skill level 6 in Fighting
  5010 | Temple   | Entered the Ecumenical Temple
  5172 | D:6      | Found a sparkling altar of Nemelex Xobeh.
  5488 | D:6      | Reached XP level 8. HP: 37/71 MP: 8/8
  5690 | D:7      | Reached skill level 1 in Evocations
  5811 | D:7      | Identified the +6 hammer "Wirasem" {flame, rElec Str+3
                  | Int+4}
  5814 | D:7      | Found a runed translucent door.
  5815 | D:7      | Noticed Crazy Yiuf
  5820 | D:7      | Killed Crazy Yiuf
  5922 | D:7      | Reached skill level 5 in Armour
  6158 | D:7      | Reached skill level 7 in Fighting
  6161 | D:7      | Reached skill level 1 in Maces & Flails
  6535 | D:8      | Noticed Gastronok
  6538 | D:8      | Reached XP level 9. HP: 79/79 MP: 9/9
  6551 | D:8      | Killed Gastronok
  6552 | D:8      | Reached skill level 8 in Fighting
  6869 | D:8      | Reached skill level 1 in Stealth
  6968 | D:8      | Found an ornate altar of the Wu Jian Council.
  7185 | D:8      | Noticed Psyche
  7215 | D:8      | Killed Psyche
  7216 | D:8      | Reached XP level 10. HP: 90/90 MP: 10/10
  7275 | D:8      | Reached skill level 5 in Maces & Flails
  7920 | D:8      | Reached skill level 9 in Fighting
  7959 | D:8      | Reached skill level 5 in Evocations
  8195 | D:9      | Reached skill level 5 in Shields
  8210 | D:9      | Noticed a two-headed ogre
  8212 | D:9      | Found a staircase to the Lair.
  8222 | D:9      | Killed a two-headed ogre
  8598 | D:9      | Noticed Pikel
  8611 | D:9      | Killed Pikel
  8612 | D:9      | Reached skill level 10 in Fighting
  8612 | D:9      | Reached XP level 11. HP: 57/99 MP: 11/11
  9288 | D:9      | Noticed a two-headed ogre
  9294 | D:9      | Killed a two-headed ogre
  9397 | D:10     | Entered Level 10 of the Dungeon
  9397 | D:10     | Noticed a seven-headed hydra
  9397 | D:10     | Noticed a two-headed ogre
  9434 | D:9      | Killed a seven-headed hydra
  9444 | D:9      | Killed a two-headed ogre
  9806 | D:10     | Found a shimmering blue altar of Sif Muna.
  9882 | D:10     | Reached skill level 11 in Fighting
  9999 | D:10     | Found a runed translucent door.
  9999 | D:10     | Noticed wjchen's ghost (journeyman MiFi)
 10013 | D:10     | Killed wjchen's ghost
 10014 | D:10     | Reached skill level 5 in Dodging
 10666 | D:10     | Found Firysk's Overcharged Wands.
 11041 | Temple   | Became a worshipper of Gozag Ym Sagoz the Greedy
 11158 | D:2      | Bought a scroll of identify for 24 gold pieces
 11158 | D:2      | Bought a scroll of enchant weapon for 90 gold pieces
 11158 | D:2      | Bought a scroll of identify for 24 gold pieces
 11337 | Lair:1   | Entered Level 1 of the Lair of Beasts
 11365 | D:9      | Reached XP level 12. HP: 72/110 MP: 12/12
 11975 | Lair:1   | Reached skill level 12 in Fighting
 12593 | Lair:1   | Reached skill level 10 in Maces & Flails
 13049 | Lair:2   | Found a staircase to the Snake Pit.
 13623 | Lair:2   | Reached skill level 13 in Fighting
 13623 | Lair:2   | Reached XP level 13. HP: 55/122 MP: 13/13
 13877 | Lair:2   | Found a staircase to the Shoals.
 15154 | Lair:3   | Noticed Rupert
 15154 | Lair:3   | Paralysed by Rupert for 4 turns
 15173 | Lair:3   | Killed Rupert
 15612 | Lair:4   | Reached skill level 1 in Throwing
 15848 | Lair:4   | Reached skill level 14 in Fighting
 16019 | Lair:4   | Found a viscous altar of Jiyva.
 16020 | Lair:4   | Found a staircase to the Slime Pits.
 16491 | Lair:5   | Entered Level 5 of the Lair of Beasts
 16678 | Lair:5   | Reached skill level 10 in Armour
 16678 | Lair:5   | Reached XP level 14. HP: 40/133 MP: 14/14
 16697 | Lair:5   | Slain by a tyrant leech

Illustrated notes

Levels and vault maps discovered:
D:1:      sevenhm_arrival_forest_fort_large_2, layout_basic, serial_shops,
          nicolae_shop_trees
D:2:      layout_loops_ring, serial_shops, shop, basic_ecumenical_altar,
          minmay_tiny_reverse_x
D:3:      layout_loops_corners, mainiacjoe_overflow_catwalk,
          lightli_corner_chamber
D:4:      layout_basic, zin_purify, hangedman_decor_slide_cut
D:5:      minmay_evil_eye, layout_rooms, nicolae_overflow_hidden_temple,
          cheibrodos_sewer_entry_bend, st_stairs_12
D:6:      layout_basic, nemelex_altar_shiori, minmay_temple_entry_antechambers
D:7:      layout_rooms, uniq_crazy_yiuf_cottage
D:8:      layout_gridville, nicolae_wu_jian_immortal_techniques, uniq_gastronok,
          uniq_psyche
D:9:      layout_cross, dpeg_oklobed_lair, uniq_pikel
D:10:     layout_long_grid, nicolae_sif_muna_condensation,
          ebering_ghost_reflecting_pool, grunt_ministairs_7,
          nicolae_shop_overcharged_wands
Temple:   nicolae_temple_no_exploring_needed
Lair:1:   layout_layer_cave, lemuel_fruit_tree, lemuel_fruit_fields
Lair:2:   layout_hall_layers, elwin_shoals_entry_stream,
          minmay_snake_entry_guardpost_small, grunt_megastairs_3
Lair:3:   layout_cave_pods, uniq_rupert
Lair:4:   layout_regular_city, nicolae_slime_entry_slimehenge,
          serial_bayou_lagoon_b
Lair:5:   minmay_lair_end_frog_pond, layout_regular_city,
          gammafunk_ghost_necromancy, infiniplex_staircase_pool_2,
          uniq_josephine

Skill      XL: |  1  2  3  4  5  6  7  8  9 10 11 12 13 |
---------------+----------------------------------------+-----
Fighting       | 4 5 6 7 8 10 11 13 14 | 14.4
Axes           | 3 4 5 6 7 8 |  8.7
Dodging        | 1 2 3 4 5 6 |  6.0
Armour         | 4 5 6 7 8 9 10 | 10.1
Shields        | 4 5 6 7 |  7.4
Evocations     | 2 4 5 7 8 9 |  9.7
Maces & Flails | 1 4 6 8 10 12 | 12.5
Stealth        | 1 2 3 |  3.2
Throwing       | 1 |  1.0

Action                   |  1- 3 |  4- 6 |  7- 9 | 10-12 | 13-15 || total
-------------------------+-------+-------+-------+-------+-------++-------
Melee: War axe           |    89 |   133 |    55 |       |       ||   277
       Mace              |       |       |    89 |   486 |   304 ||   879
Throw: Dart              |       |       |     3 |       |       ||     3
       Javelin           |       |       |     1 |     9 |     4 ||    14
Evoke: Wand              |       |       |     3 |     3 |     9 ||    15
       Phantom mirror    |       |       |       |       |     1 ||     1
  Use: Scroll            |       |    16 |     5 |    14 |     7 ||    42
       Potion            |       |       |     3 |     3 |     7 ||    13
 Stab: Distracted        |       |       |       |     2 |     2 ||     4
Armor: Scale mail        |    65 |    75 |    75 |   233 |   109 ||   557
Dodge: Dodged            |    31 |    82 |   121 |   377 |   168 ||   779
Block: Buckler           |    15 |    26 |    38 |   155 |    81 ||   315
